 Dungeon Crawl Stone Soup version 0.20.1-1-g8b1a95d (webtiles) character file.

21099 Morrissey the Severer (level 12, -9/108 HPs)
             Began as a Minotaur Berserker on June 20, 2017.
             Was a High Priest of Trog.
             Mangled by a two-headed ogre
             ... wielding a +0 giant spiked club
              (23 damage)
             ... while paralysed by an ogre mage
             ... on level 12 of the Dungeon on July 8, 2017.
             The game lasted 00:29:38 (11988 turns).

Morrissey the Severer (Minotaur Berserker)         Turns: 11988, Time: 00:29:39

Health: -9/108     AC: 21    Str: 23    XL:     12   Next: 51%
Magic:  0/11       EV:  2    Int:  4    God:    Trog [*****.]
Gold:   813        SH:  0    Dex: 14    Spells: 11/11 levels left

rFire    + . .     SeeInvis .   a - +1 battleaxe (flame)
rCold    . . .     Gourm    +   (shield currently unavailable)
rNeg     . . .     Faith    .   O - +0 plate armour
rPois    .         Spirit   +   (helmet restricted)
rElec    .         Reflect  .   r - scarf {Spirit}
rCorr    .         Harm     .   h - +2 pair of gloves
MR       +....                  e - +2 pair of boots of the Assassin {Detection Stab+ Stlth++}
Stlth    ..........             b - amulet of the gourmand
Regen    0.3/turn               l - ring of protection from fire
MPRegen  0.2/turn               K - ring of protection from magic

@: paralysed
A: retaliatory headbutt, horns 2
a: Berserk, Trog's Hand, Brothers in Arms, Burn Spellbooks, Renounce Religion


You were on level 12 of the Dungeon.
You worshipped Trog.
Trog was extremely pleased with you.
You were full.

You visited 1 branch of the dungeon, and saw 12 of its levels.
You also visited: Labyrinth.

You collected 813 gold pieces.

Inventory:

Hand Weapons
 a - a +1 battleaxe of flaming (weapon)
Armour
 e - the +2 pair of boots of the Assassin (worn) {Detection Stab+ Stlth++}
   (You acquired it on level 12 of the Dungeon)

   It makes you much more stealthy.
 h - a +2 pair of gloves (worn)
 r - a scarf of spirit shield (worn)
 O - a +0 plate armour (worn)
Jewellery
 b - an amulet of the gourmand (around neck)
 l - a ring of protection from fire (left hand)
 K - a ring of protection from magic (right hand)
 Z - an uncursed ring of protection from fire
Wands
 g - a wand of iceblast (6/15)
 q - a wand of paralysis (12/24)
 x - a wand of disintegration (3/24)
 P - a wand of digging (8/24)
 R - a wand of confusion (13/48)
 S - a wand of acid (8/15)
 T - a wand of random effects (30/48)
 V - a wand of polymorph (11/24)
 W - a wand of paralysis (13/24)
 X - a wand of acid (0/15)
 Y - a wand of enslavement (12/24)
Scrolls
 i - a scroll of fog
 k - 4 scrolls of blinking
 o - 2 scrolls of enchant armour
 p - 3 scrolls of teleportation
 s - 5 scrolls of remove curse
 u - 5 scrolls of magic mapping
 C - a scroll of fear {unknown}
 G - a scroll of immolation {unknown}
 J - a scroll of vulnerability {unknown}
 M - 2 scrolls of enchant weapon
Potions
 f - 2 potions of ambrosia
 j - a potion of agility
 m - 5 potions of magic
 n - 5 potions of curing
 t - 2 potions of might
 v - 2 potions of brilliance
 w - 4 potions of flight
 z - 3 potions of mutation
 B - 3 potions of cancellation
 D - a potion of haste
 E - a potion of berserk rage
 Q - a potion of heal wounds
Miscellaneous
 H - a lightning rod (4/4)
 U - a phial of floods
Comestibles
 c - 6 bread rations
 d - 11 meat rations
 F - 17 fruits
 N - 5 royal jellies


   Skills:
 - Level 10.7 Fighting
 * Level 18.0 Axes
 - Level 10.3 Armour
 - Level 7.6 Dodging


You had 11 spell levels left.
You didn't know any spells.

Dungeon Overview and Level Annotations

Branches:
Dungeon (12/15)            Temple (0/1) D:4            Lair (0/6) D:11
    Orc (0/2) D:12

Altars:
Cheibriados
Dithmenos
Makhleb
Qazlal
Ru
Trog
Uskayaw
Yredelemnul
Beogh

Shops:
D:9 *:(   D:11 [


Innate Abilities, Weirdness & Mutations

You reflexively headbutt those who attack you in melee.
You have a pair of horns on your head.


Message History

The two-headed ogre hits you but does no damage.
The two-headed ogre hits you with a giant club.
* * * LOW HITPOINT WARNING * * *
The two-headed ogre hits you but does no damage.
The ogre mage casts a spell at you. You resist with almost no effort.
The two-headed ogre hits you with a giant spiked club!
* * * LOW MAGIC WARNING * * *;
* * * LOW HITPOINT WARNING * * *
The two-headed ogre hits you but does no damage.
The ogre mage hits you with a halberd.
* * * LOW HITPOINT WARNING * * *
The two-headed ogre hits you with a giant club!
* * * LOW MAGIC WARNING * * *;
* * * LOW HITPOINT WARNING * * *
The two-headed ogre hits you but does no damage.
The two-headed ogre hits you with a giant club!
* * * LOW MAGIC WARNING * * *;
* * * LOW HITPOINT WARNING * * *
The two-headed ogre barely misses you.
The two-headed ogre hits you with a giant spiked club!!
* * * LOW MAGIC WARNING * * *
You die...

*********#.......................
#.......................
#.......................
#.......................
#.......................
#...................∩...
#.......................
##########[.....OO...............
......).[[[.....@OO..............
##..##############...............
#..# #.############## #..# #.#
#..# #.# #..# *,* #..# *,* ##..#
*,*********#####
....####**********,,,,,,,,,......


You could see 3 two-headed ogres and an ogre mage.

Vanquished Creatures
  A minotaur (Lab)
  3 hydras
  Erica (D:11)
  A two-headed ogre (D:10)
  A skeletal warrior (D:12)
  Pikel (D:5)
  A wizard (D:10)
  A manticore (D:11)
  3 deep elf magi
  2 ugly things
  A centaur zombie (D:12)
  4 gargoyles
  3 centaur skeletons
  2 freezing wraiths (D:12)
  Grinder (D:3)
  2 trolls
  2 dream sheep (D:9)
  Sigmund (D:3)
  2 wraiths
  3 shadows (Lab)
  4 yaks
  Grum (D:9)
  Eustachio (D:5)
  4 hungry ghosts (Lab)
  Edmund (D:5)
  Duvessa (D:6)
  A porcupine (D:11)
  2 slaves (D:5)
  5 orc warriors
  4 sky beasts
  A hornet zombie (D:11)
  3 black bears
  7 ogres
  2 wolves
  4 ice beasts
  9 centaurs
  6 big kobolds
  An elf zombie (D:7)
  3 bullfrogs
  An elf skeleton (D:7)
  Dowan (D:6)
  4 scorpions
  12 killer bees
  6 wights
  A howler monkey (D:4)
  7 crimson imps
  A quasit (D:8)
  4 jellies
  4 orc wizards
  4 human zombies (D:7)
  8 orc priests
  Crazy Yiuf (D:5)
  2 human skeletons (D:7)
  Ijyb (D:4)
  3 iguanas
  7 worker ants
  A howler monkey zombie (D:11)
  2 mummies (D:7)
  2 worker ant zombies (D:7)
  8 adders
  A shadow imp (D:5)
  5 oozes
  An adder skeleton (D:4)
  A worm (D:2)
  A dart slug (D:3)
  7 leopard geckos
  35 orcs
  2 ball pythons
  12 bats
  4 giant cockroaches
  5 hobgoblins
  24 jackals
  A quokka (D:3)
  9 frilled lizards
  12 goblins
  22 kobolds
  2 quokka skeletons
  9 rats
  10 fungi
  A plant (D:11)
340 creatures vanquished.

Vanquished Creatures (collateral kills)
  A death knight (D:12)
  A phantasmal warrior (D:12)
  2 orc wizards (D:12)
  2 orcs (D:12)
6 creatures vanquished.

Vanquished Creatures (others)
  A hound zombie (D:5)
  An adder (D:4)
  5 orcs
  A giant cockroach (D:5)
  A fungus (D:11)
  4 plants (D:9)
13 creatures vanquished.

Grand Total: 359 creatures vanquished

Notes
Turn   | Place    | Note
-------+----------+-------------------------------------------
     0 | D:1      | Morrissey the Minotaur Berserker began the quest for the Orb.
     0 | D:1      | Reached XP level 1. HP: 19/19 MP: 0/0
   148 | D:1      | Reached XP level 2. HP: 22/27 MP: 1/1
   271 | D:1      | Upgraded the game from 0.20.0-15-g7f486f2 to 0.20.1-1-g8b1a95d
   286 | D:1      | Reached skill level 4 in Axes
   617 | D:1      | Reached XP level 3. HP: 26/33 MP: 2/2
   806 | D:1      | Reached ** piety under Trog
  1059 | D:2      | Reached XP level 4. HP: 33/40 MP: 3/3
  1982 | D:3      | Reached *** piety under Trog
  2030 | D:3      | Found a sacrificial altar of Ru.
  2051 | D:3      | Reached skill level 5 in Axes
  2069 | D:3      | Reached XP level 5. HP: 37/47 MP: 2/4
  2096 | D:3      | Noticed Grinder
  2098 | D:3      | Found a shadowy altar of Dithmenos.
  2122 | D:3      | Paralysed by Grinder for 5 turns
  2131 | D:3      | Paralysed by Grinder for 7 turns
  2428 | D:3      | Noticed Sigmund
  2436 | D:3      | Killed Sigmund
  2436 | D:3      | Reached skill level 5 in Fighting
  2436 | D:3      | Reached skill level 6 in Axes
  2436 | D:3      | Reached XP level 6. HP: 56/56 MP: 5/5
  2539 | D:3      | Killed Grinder
  2539 | D:3      | Reached XP level 7. HP: 57/61 MP: 4/6
  2613 | D:4      | Noticed Ijyb
  2621 | D:4      | Killed Ijyb
  2697 | D:4      | Reached skill level 7 in Axes
  3010 | D:4      | Reached **** piety under Trog
  3136 | D:4      | Found a staircase to the Ecumenical Temple.
  3327 | D:5      | Entered Level 5 of the Dungeon
  3362 | D:5      | Reached skill level 5 in Armour
  3374 | D:5      | Reached skill level 5 in Dodging
  3581 | D:5      | Reached XP level 8. HP: 64/70 MP: 5/7
  3690 | D:5      | Noticed Eustachio
  3699 | D:5      | Killed Eustachio
  3699 | D:5      | Reached skill level 8 in Axes
  3734 | D:5      | Found a runed door.
  3813 | D:5      | Noticed Pikel
  3854 | D:5      | Killed Pikel
  3854 | D:5      | Reached skill level 9 in Axes
  3879 | D:5      | Found a hide-covered altar of Uskayaw.
  4111 | D:5      | Noticed Edmund
  4124 | D:5      | Killed Edmund
  4313 | D:5      | Noticed Crazy Yiuf
  4316 | D:5      | Killed Crazy Yiuf
  4535 | D:6      | Reached XP level 9. HP: 79/79 MP: 8/8
  4686 | D:6      | Noticed Duvessa
  4687 | D:6      | Noticed Dowan
  4705 | D:6      | Killed Duvessa
  4735 | D:6      | Killed Dowan
  4735 | D:6      | Reached skill level 10 in Axes
  6089 | D:7      | Reached ***** piety under Trog
  6246 | D:7      | Reached skill level 11 in Axes
  6247 | D:7      | Found a basalt altar of Yredelemnul.
  6567 | D:8      | Reached XP level 10. HP: 90/90 MP: 9/9
  6744 | D:8      | Found a burning altar of Makhleb.
  6747 | D:8      | Found a bloodstained altar of Trog.
  6751 | D:8      | Found a stormy altar of Qazlal.
  6848 | D:8      | Received a gift from Trog
  7292 | D:9      | Noticed Grum
  7300 | D:9      | Killed Grum
  7718 | D:9      | Got an encrusted long sword
  7719 | D:9      | Identified the cursed +0 long sword "Esuenket" {freeze, *Noise rElec rC+} (You found it on level 9 of the Dungeon)
  7928 | D:9      | Reached skill level 12 in Axes
  8202 | D:9      | Noticed a two-headed hydra
  8207 | D:9      | Killed a one-headed hydra
  8297 | D:9      | Found Jazetau's Book Boutique.
  8307 | D:9      | Received a gift from Trog
  8486 | D:9      | Found Miurydoc's Assorted Antiques.
  8540 | D:9      | Found Pareal's Antique Weapon Boutique.
  8580 | D:9      | Found a snail-covered altar of Cheibriados.
  8670 | D:9      | Reached skill level 10 in Fighting
  8727 | D:10     | Entered Level 10 of the Dungeon
  8732 | D:10     | Noticed a deep elf mage
  8734 | D:10     | Noticed a wizard
  8740 | D:10     | Killed a deep elf mage
  8740 | D:10     | Reached skill level 13 in Axes
  8753 | D:10     | Killed a wizard
  8753 | D:10     | Reached XP level 11. HP: 30/100 MP: 2/10
  8957 | D:10     | Identified the Grimoire of Sand
  8972 | D:10     | Noticed a deep elf mage
  8973 | D:10     | Noticed a deep elf mage
  8982 | D:10     | Killed a deep elf mage
  8987 | D:10     | Identified Wapiji's Tome of Combed Thunderclap
  9247 | D:10     | Received a gift from Trog
  9247 | D:10     | Reached skill level 10 in Armour
  9569 | D:11     | Noticed a two-headed ogre
  9586 | D:10     | Killed a two-headed ogre
  9931 | D:11     | Killed a deep elf mage
  9931 | D:11     | Reached skill level 14 in Axes
 10134 | D:11     | Noticed a seven-headed hydra
 10141 | D:11     | Killed a three-headed hydra
 10172 | D:11     | Noticed Erica
 10180 | D:11     | Killed Erica
 10180 | D:11     | Reached skill level 15 in Axes
 10206 | D:11     | Noticed a purple ugly thing
 10212 | D:11     | Killed a purple ugly thing
 10262 | D:11     | Found a staircase to the Lair.
 10376 | D:11     | Found Goabbuem's Armour Shop.
 10652 | D:11     | Reached skill level 16 in Axes
 10748 | D:12     | Noticed a purple ugly thing
 10760 | D:12     | Killed a purple ugly thing
 10760 | D:12     | Reached XP level 12. HP: 63/108 MP: 5/11
 10781 | D:12     | Noticed a six-headed hydra
 10791 | D:12     | Killed a two-headed hydra
 10833 | D:12     | Noticed a death knight
 10842 | D:12     | Killed a death knight
 10882 | D:12     | Found a labyrinth entrance.
 10889 | D:12     | Reached skill level 17 in Axes
 10947 | Lab      | Entered a labyrinth
 11683 | Lab      | Noticed a minotaur
 11688 | Lab      | Killed a minotaur
 11693 | Lab      | Identified the Catalogue of Frigorific Heat
 11693 | Lab      | Identified the Volume of the Mountains
 11733 | D:12     | Found a staircase to the Orcish Mines.
 11738 | D:12     | Received a gift from Trog
 11739 | D:12     | Found a roughly hewn altar of Beogh.
 11741 | D:12     | Reached skill level 18 in Axes
 11769 | D:12     | Identified 2 scrolls of acquirement
 11972 | D:12     | Noticed an ogre mage
 11980 | D:12     | Noticed a two-headed ogre
 11982 | D:12     | Paralysed by an ogre mage for 7 turns
 11983 | D:12     | Noticed a two-headed ogre
 11985 | D:12     | Noticed a two-headed ogre
 11988 | D:12     | Mangled by a two-headed ogre

Skill      XL: |  1  2  3  4  5  6  7  8  9 10 11 12 |
---------------+-------------------------------------+-----
Axes           | 4 5 6 7 9 11 13 16 18 | 18.0
Fighting       | 4 5 6 7 8 10 | 10.7
Dodging        | 3 4 5 6 7 |  7.6
Armour         | 3 4 5 6 7 9 10 | 10.3

Action                   |  1- 3 |  4- 6 |  7- 9 | 10-12 || total
-------------------------+-------+-------+-------+-------++-------
Melee: Hand axe          |    62 |   108 |   460 |   301 ||   931
       Headbutt          |     8 |    16 |   119 |   118 ||   261
       Falchion          |       |       |       |     2 ||     2
       Long sword        |       |       |       |     2 ||     2
       Battleaxe         |       |       |       |   228 ||   228
Invok: Berserk           |       |     3 |     3 |     2 ||     8
       Burn Spellbooks   |       |       |     1 |     6 ||     7
       Trog's Hand       |       |       |     1 |     3 ||     4
       Brothers in Arms  |       |       |       |     1 ||     1
Evoke: Wand              |       |       |     1 |     4 ||     5
  Use: Potion            |       |     3 |       |     1 ||     4
       Scroll            |       |       |     8 |    18 ||    26
  Eat: Chunk             |       |     6 |    13 |    23 ||    42
       Royal jelly       |       |     1 |     1 |     2 ||     4
       Meat ration       |       |       |       |     1 ||     1
Armor: Animal skin       |     3 |       |       |       ||     3
       Scale mail        |    15 |    17 |       |       ||    32
       Chain mail        |       |    28 |   164 |    31 ||   223
       Plate armour      |       |       |       |   214 ||   214
Dodge: Dodged            |    43 |    67 |   160 |   255 ||   525
       Rpst.: Long sword |       |       |       |     1 ||     1
